 Dungeon Crawl Stone Soup version 0.30-a0-1157-g2cc9ac7196 (webtiles) character file.

Game seed: 1853450982951057795

189 retardedninja the Firebug (level 5, -1/38 HPs)
             Began as a Gnoll Fire Elementalist on Apr 24, 2023.
             Slain by a lemure (4 damage)
             ... led by Pikel
             ... on level 4 of the Dungeon.
             The game lasted 00:02:32 (2100 turns).

retardedninja the Firebug (Gnoll Fire Elementalist) Turns: 2100, Time: 00:02:32

Health: -1/38      AC:  2    Str:  7    XL:     5   Next: 68%
Magic:  4/12       EV: 13    Int: 17    God:
Gold:   64         SH:  0    Dex: 12    Spells: 11/14 levels left

rFire   . . .        l - +0 mace
rCold   . . .        (no shield)
rNeg    . . .        a - +0 robe
rPois   .            (no helmet)
rElec   .            (no cloak)
rCorr   .            (no gloves)
SInv    .            (no boots)
Will    .....        (no amulet)
Stlth   +++          (no ring)
HPRegen 0.26/turn    (no ring)
MPRegen 0.13/turn

%: no passive effects
@: about to teleport, invisible
A: fangs 1, strong nose, distributed training
a: no special abilities


You were on level 4 of the Dungeon.
You visited 1 branch of the dungeon, and saw 3 of its levels.

You collected 64 gold pieces.

Inventory:

Hand Weapons
 l - a +0 mace (weapon)
Armour
 a - a +0 robe (worn)
 m - a +1 helmet
Jewellery
 g - an amulet of faith
Scrolls
 c - a scroll of teleportation
 f - a scroll of blinking {unknown}
 j - a scroll of poison {unknown}
 o - a scroll of noise {unknown}
 q - 2 scrolls of amnesia {unknown}
 r - a scroll of identify {unknown}
Potions
 b - a potion of magic
 d - a potion of invisibility
 e - a potion of attraction {unknown}
 h - a potion of heal wounds {unknown}
 i - a potion of berserk rage {unknown}
 k - a potion of flight {unknown}
 n - 2 potions of brilliance {unknown}
 p - a potion of might {unknown}


   Skills:
 + Level 1.6 Fighting
 + Level 1.6 Short Blades
 + Level 1.6 Long Blades
 + Level 1.6 Axes
 + Level 1.6 Maces & Flails
 + Level 1.6 Polearms
 + Level 1.6 Staves
 + Level 1.6 Ranged Weapons
 + Level 1.6 Throwing
 + Level 1.6 Armour
 + Level 4.8 Dodging
 + Level 4.5 Stealth
 + Level 1.6 Shields
 + Level 1.6 Unarmed Combat
 + Level 5.2 Spellcasting
 + Level 2.5 Conjurations
 + Level 1.3 Hexes
 + Level 1.3 Summonings
 + Level 1.3 Necromancy
 + Level 1.3 Translocations
 + Level 1.3 Transmutations
 + Level 5.6 Fire Magic
 + Level 1.3 Ice Magic
 + Level 1.3 Air Magic
 + Level 1.3 Earth Magic
 + Level 1.3 Poison Magic
 + Level 1.9 Invocations
 + Level 1.6 Evocations


You had 11 spell levels left.
You knew the following spells:

 Your Spells              Type           Power      Damage    Failure   Level
a - Foxfire               Conj/Fire      72%        2x1d7     2%          1
b - Scorch                Fire           46%        2d7       1%          2

Your spell library contained the following spells:

 Spells                   Type           Power      Damage    Failure   Level
 Inner Flame              Hex/Fire       16%        N/A       10%         3
 Volatile Blastmotes      Fire/Tloc      32%        2d12      10%         3
 Flame Wave               Conj/Fire      18%        2d7       26%         4
 Sticky Flame             Conj/Fire      18%        2d4       26%         4


Dungeon Overview and Level Annotations

Branches:
Dungeon (2/15)

Altars:
Hepliaklqana

Annotations:
D:4 Pikel


Innate Abilities, Weirdness & Mutations

You have very sharp teeth.
Your uncanny sense of smell can sniff out nearby items.
Your experience applies equally to all skills.


Message History

The foxfire hits the adder.
The adder is severely wounded.
The foxfire hits the adder.
You kill the adder!
Unknown command.
You conjure some foxfire!
The foxfire hits the orc but does no damage. x2
The orc hits you with a +0 whip.
Unknown command.
You are too injured to fight recklessly!
The orc hits you with a +0 whip.
A lemure comes into view.
A lemure comes into view.
The orc misses you.
Unknown command.
You are too injured to fight recklessly!
You closely miss the orc. The orc hits you with a +0 whip.
The lemure shouts! x2
You hit the orc but do no damage.
You hear a shout!
The orc barely misses you.
You barely miss the orc. The orc closely misses you. The orc barely misses you.
You hit the orc but do no damage. The orc hits you but does no damage.
You hit the orc.
The orc is lightly wounded.
The orc hits you with a +0 whip.
You hit the orc. You bite the orc, but do no damage.
The orc is heavily wounded.
The orc hits you with a +0 whip. The lemure hits you!
* * * LOW HITPOINT WARNING * * *
The orc hits you with a +0 whip.
* * * LOW HITPOINT WARNING * * *
The lemure misses you.
As you read the scroll labelled XEMOHI SAISI, it crumbles to dust.
You feel strangely unstable.
It was a scroll of teleportation.
The orc barely misses you. The lemure closely misses you.
It was a potion of invisibility.
You fade into invisibility!
The lemure hits you.
You die...

#+###....##+###........
#...#..#......#........
#...+.........#........
+.....###.....#........
#...#.#.#.#...#........
#.....#.#.....#........
##.#......)..#.#........
#.....##†##...55)).#
..###.#...#.###5@o.#
#.#..........[#.#..#
..###.#...#.###....#
......##.##........#
.#.#†........#.#.###
.#.....#.#.....#.#
.....#.#.#.#.###.#
.##....###.....
.#####........##


You could see 3 lemures and an orc (unable to see you).

Vanquished Creatures
  A jelly (D:4)
  An iguana (D:4)
  Robin (D:2)
  5 adders
  A gnoll (D:1)
  A worm (D:4)
  2 orcs (D:4)
  4 bats (D:1)
  4 endoplasms (D:1)
  3 giant cockroaches (D:1)
  12 goblins
  5 hobgoblins
  6 jackals
  A quokka (D:1)
  7 ball pythons
  2 frilled lizards (D:2)
  2 kobolds
  2 rats (D:1)
60 creatures vanquished.

Vanquished Creatures (others)
  204 foxfires
204 creatures vanquished.

Grand Total: 264 creatures vanquished

Notes
Turn   | Place    | Note
-------+----------+-------------------------------------------
     0 | D:1      | retardedninja the Gnoll Fire Elementalist began the quest
                  | for the Orb.
     0 | D:1      | Reached XP level 1. HP: 13/13 MP: 6/6
   154 | D:1      | Reached XP level 2. HP: 19/19 MP: 3/7
   610 | D:1      | Reached skill level 5 in Spellcasting
   610 | D:1      | Reached XP level 3. HP: 21/25 MP: 2/9
   917 | D:1      | Reached skill level 1 in Invocations
   928 | D:1      | Reached skill level 1 in Fighting
   928 | D:1      | Reached skill level 1 in Short Blades
   928 | D:1      | Reached skill level 1 in Long Blades
   928 | D:1      | Reached skill level 1 in Axes
   928 | D:1      | Reached skill level 1 in Maces & Flails
   928 | D:1      | Reached skill level 1 in Polearms
   928 | D:1      | Reached skill level 1 in Staves
   928 | D:1      | Reached skill level 1 in Ranged Weapons
   928 | D:1      | Reached skill level 1 in Throwing
   928 | D:1      | Reached skill level 1 in Armour
   928 | D:1      | Reached skill level 1 in Shields
   928 | D:1      | Reached skill level 1 in Unarmed Combat
   928 | D:1      | Reached skill level 1 in Evocations
  1151 | D:2      | Found a hazy altar of Hepliaklqana.
  1361 | D:2      | Noticed Robin
  1365 | D:2      | Reached XP level 4. HP: 32/32 MP: 6/11
  1373 | D:2      | Killed Robin
  1384 | D:2      | Learned a level 2 spell: Scorch
  1586 | D:2      | Reached skill level 1 in Hexes
  1586 | D:2      | Reached skill level 1 in Summonings
  1586 | D:2      | Reached skill level 1 in Necromancy
  1586 | D:2      | Reached skill level 1 in Translocations
  1586 | D:2      | Reached skill level 1 in Transmutations
  1586 | D:2      | Reached skill level 1 in Ice Magic
  1586 | D:2      | Reached skill level 1 in Air Magic
  1586 | D:2      | Reached skill level 1 in Earth Magic
  1586 | D:2      | Reached skill level 1 in Poison Magic
  1780 | D:2      | You fall into a shaft and drop 2 floors!
  1879 | D:4      | Reached XP level 5. HP: 37/37 MP: 6/12
  2000 | D:4      | Identified the +0 leather armour of a wizard's laboratory
                  | {Harm Drain rN+}
  2053 | D:4      | Noticed Pikel
  2053 | D:4      | Noticed a lemure
  2091 | D:4      | Noticed a lemure
  2092 | D:4      | Noticed a lemure
  2100 | D:4      | Slain by a lemure

Illustrated notes

Levels and vault maps discovered:
D:1:      ebering_trefoil_twist, layout_rooms
D:2:      layout_basic, basic_altar, minmay_misc_feat_chi, uniq_robin
D:4:      layout_gridville, lemuel_tele_altar, nicolae_overflow_crystal_walls,
          minmay_misc_feat_diagonals, nicolae_elemental_shop,
          minmay_fractal_squares_5, uniq_pikel, uniq_ijyb

Skill      XL: |  1  2  3  4 |
---------------+-------------+-----
Conjurations   | 2 |  2.5
Spellcasting   | 5 |  5.2
Invocations    | 1 |  1.9
Fighting       | 1 |  1.6
Short Blades   | 1 |  1.6
Long Blades    | 1 |  1.6
Axes           | 1 |  1.6
Maces & Flails | 1 |  1.6
Polearms       | 1 |  1.6
Staves         | 1 |  1.6
Ranged Weapons | 1 |  1.6
Throwing       | 1 |  1.6
Armour         | 1 |  1.6
Shields        | 1 |  1.6
Unarmed Combat | 1 |  1.6
Evocations     | 1 |  1.6
Hexes          | 1 |  1.3
Summonings     | 1 |  1.3
Necromancy     | 1 |  1.3
Translocations | 1 |  1.3
Transmutations | 1 |  1.3
Ice Magic      | 1 |  1.3
Air Magic      | 1 |  1.3
Earth Magic    | 1 |  1.3
Poison Magic   | 1 |  1.3
Dodging        | |  4.8
Stealth        | |  4.5
Fire Magic     | |  5.6

Action                     |  1- 3 |  4- 6 || total
---------------------------+-------+-------++-------
  Melee: Mace              |       |    13 ||    13
         Bite              |       |     1 ||     1
   Cast: Foxfire           |    80 |    47 ||   127
         Scorch            |       |     3 ||     3
    Use: Scroll            |       |     1 ||     1
         Potion            |       |     1 ||     1
 Armour: Robe              |     1 |     4 ||     5
  Dodge: Dodged            |    12 |    32 ||    44

Table legend: (Time is in decaauts)
 A = Elapsed time spent in this place.
 B = Non-inter-level travel time spent in this place.
 C = Inter-level travel time spent in this place.
 D = Time resting spent in this place.
 E = Time spent auto-exploring this place.
 F = Levels seen in this place.
 G = Mean time per level.
                   A        B        C        D        E       F      G
               +--------+--------+--------+--------+--------+-----+--------+
         Total |   2105 |   2069 |     36 |      0 |   1687 |   3 |  701.7 |
       Dungeon |   2105 |   2069 |     36 |      0 |   1687 |   3 |  701.7 |
               +--------+--------+--------+--------+--------+-----+--------+

Top non-repeatable levels by time:
     D:1: 1069 daAuts
     D:2: 712 daAuts
     D:4: 323 daAuts
